 Dungeon Crawl Stone Soup version 0.21.1-1-g345015fe64 (webtiles) character file.

12455 LevaFresel the Quickloader (level 12, 0/74 HPs)
             Began as a Kobold Hunter on June 10, 2018.
             Was a High Priest of Nemelex Xobeh.
             Slain by a large slime creature (34 damage)
             ... on level 12 of the Dungeon.
             The game lasted 01:52:40 (15697 turns).

LevaFresel the Quickloader (Kobold Hunter)         Turns: 15697, Time: 01:52:40

Health: 0/74       AC: 15    Str: 15    XL:     12   Next: 20%
Magic:  15/15      EV: 19    Int: 12    God:    Nemelex Xobeh [*****.]
Gold:   553        SH:  0    Dex: 15    Spells: 11/11 levels left

rFire    . . .     SeeInvis .   a - +1 hand crossbow
rCold    . . .     Gourm    .   (shield restricted)
rNeg     . . .     Faith    .   n - +0 ring mail
rPois    .         Spirit   .   G - +0 helmet
rElec    .         Reflect  .   w - +0 cloak
rCorr    .         Harm     .   r - +1 pair of gloves
MR       .....                  L - +2 pair of boots of the Assassin {Detection Stab+ Stlth++}
Stlth    +++.......             (no amulet)
HPRegen  0.22/turn              o - +1 ring of protection
MPRegen  0.14/turn              (no ring)

@: no status effects
A: small, carnivore
a: Triple Draw, Deal Four, Stack Five, Renounce Religion


You were on level 12 of the Dungeon.
You worshipped Nemelex Xobeh.
Nemelex Xobeh was extremely pleased with you.
You were not hungry.

You visited 3 branches of the dungeon, and saw 14 of its levels.

You collected 553 gold pieces.

Inventory:

Hand Weapons
 a - a +1 hand crossbow (weapon)
 b - a +2 short sword of flaming
 u - a +1 long sword of slicing
Missiles
 d - 62 bolts (quivered)
Armour
 n - a +0 ring mail (worn)
 r - a +1 pair of gloves (worn)
 w - a +0 cloak (worn)
 G - a +0 helmet (worn)
 L - the +2 pair of boots of the Assassin (worn) {Detection Stab+ Stlth++}
   (You found it on level 8 of the Dungeon)

   It makes you much more stealthy.
Jewellery
 o - a +1 ring of protection (left hand)
Wands
 c - a wand of scattershot (2)
 h - a wand of paralysis (28)
 D - a wand of digging (14)
 J - a wand of flame (58)
 M - a wand of disintegration (9)
 S - a wand of acid (10)
 T - a wand of clouds (2)
Scrolls
 i - 3 scrolls of enchant weapon {unknown}
 l - a scroll of remove curse
 m - 3 scrolls of magic mapping
 p - 2 scrolls of noise {unknown}
 q - a scroll of blinking {unknown}
 v - 3 scrolls of amnesia
 y - 7 scrolls of teleportation {unknown}
 B - a scroll of fear
 H - a scroll of random uselessness {unknown}
 I - a scroll of immolation {unknown}
 V - a scroll of fog {unknown}
 W - 2 scrolls of enchant armour {unknown}
 Z - 2 scrolls of identify
Potions
 e - a potion of curing {unknown}
 g - 2 potions of agility {unknown}
 k - 5 potions of haste {unknown}
 s - a potion of invisibility {unknown}
 t - a potion of heal wounds
 A - a potion of might {unknown}
 C - 2 potions of brilliance {unknown}
 F - 2 potions of lignification {unknown}
 N - a potion of flight {unknown}
Miscellaneous
 E - a plain deck of summoning {drawn: 1}
 K - a plain deck of destruction
 P - an ornate deck of summoning {drawn: 2}
 R - a legendary deck of destruction {drawn: 1}
 U - a plain deck of destruction
Comestibles
 f - 22 rations


   Skills:
 + Level 8.2 Fighting
 + Level 9.1 Short Blades
 * Level 12.7 Crossbows
 + Level 5.9 Armour
 + Level 9.0 Dodging
 - Level 2.0 Stealth
 - Level 5.1 Invocations
 - Level 5.0 Evocations


You had 11 spell levels left.
You didn't know any spells.

Dungeon Overview and Level Annotations

Branches:
Dungeon (12/15)            Temple (1/1) D:5             Orc (1/2) D:10
   Lair: D:8-11

Altars:
Ashenzari
Cheibriados
Dithmenos
Elyvilon
Fedhas
Gozag
Hepliaklqana
Kikubaaqudgha
Makhleb
Nemelex Xobeh
Okawaru
Qazlal
Ru
Sif Muna
Trog
Uskayaw
Vehumet
Wu Jian
Xom
Yredelemnul
Zin
The Shining One

Shops:
D:5 (   D:6 :=}((   D:7 ((


Innate Abilities, Weirdness & Mutations

You are small and have problems with some larger weapons.
You are carnivorous and can eat meat at any time.


Message History

Your fire vortex burns the orc!
The orc dies!
Your fire vortex dissipates!
Your basilisk is engulfed in blazing flames.
Firing (i - inventory):
d - 64 bolts (quivered)
Press: ? - help, Shift-Dir - straight line, f - very large slime creature
Aim: a very large slime creature (heavily wounded)
You shoot a bolt.
The bolt barely misses the very large slime creature.
Your raiju bites the very large slime creature.
Your raiju shocks the very large slime creature!
A very large slime creature splits.
Firing (i - inventory):
d - 63 bolts (quivered)
Press: ? - help, Shift-Dir - straight line, f/p - large slime creature
Aim: a large slime creature (severely wounded)
You shoot a bolt. The bolt hits the large slime creature!
The large slime creature is severely wounded.
Your raiju barely misses the large slime creature.
The large slime creature hits you!!
You die...
Your body glows with a rainbow of weird colours and disappears.

> ...################
.......@..§[...:..#
.......Jh.).§.....#
.......Jl.§§))..(.#
.......(.(.§<.§...####
.........(.§§........##
...........§..o.........
......<(.(.....l......S.
#####################.?.
###


You could see a large slime creature, a slime creature, an orc warrior
(confused), a friendly raiju and a friendly basilisk.

Vanquished Creatures
  Erica (D:9)
  An unseen horror (D:11)
  2 wizards (D:11)
  A cyclops (D:11)
  A centaur zombie (D:12)
  Maurice (D:11)
  Grinder (D:6)
  A hornet (D:11)
  4 slime creatures (D:11)
  A hippogriff (D:11)
  A wraith (D:11)
  5 yaks (D:11)
  A soldier ant (D:10)
  An acid dragon (D:11)
  5 orc warriors
  An ice beast (D:9)
  2 phantoms
  A sky beast (D:11)
  An ogre (D:6)
  An eye of draining (D:11)
  6 centaurs
  The ghost of LevaFresel the Bolt Thrower, an amateur KoHu (D:3)
  9 bullfrogs
  A wyvern skeleton (D:12)
  2 scorpions
  9 killer bees
  11 wights
  A howler monkey (D:9)
  3 vampire bats (D:3)
  2 crimson imps
  3 bullfrog zombies
  3 hounds
  A centaur skeleton (D:6)
  6 orc wizards
  5 orc priests
  3 jellies
  2 bullfrog skeletons
  Natasha (twice) (D:3)
  7 worker ants
  A hound skeleton (D:6)
  A hound zombie (D:7)
  Robin (D:3)
  12 adders
  A shadow imp (D:10)
  An adder zombie (D:5)
  An adder skeleton (D:9)
  3 worms
  5 dart slugs
  5 leopard geckos
  40 orcs
  6 bats
  2 bat skeletons (D:3)
  3 bat zombies (D:3)
  4 giant cockroaches
  17 goblins
  12 hobgoblins
  8 jackals
  A kobold (D:1)
  3 quokkas
  8 frilled lizards
  7 rats
252 creatures vanquished.

Vanquished Creatures (collateral kills)
  A centaur warrior (D:11)
  2 two-headed ogres
  A wizard (D:11)
  A troll (D:11)
  A hippogriff (D:11)
  5 yaks (D:11)
  Menkaure (D:4)
  An orc warrior (D:11)
  2 centaurs (D:11)
  2 wights (D:11)
  3 howler monkeys (D:9)
  A crimson imp (D:3)
  An orc wizard (D:4)
  A hound (D:8)
  Crazy Yiuf (D:3)
  A worker ant (D:11)
  Natasha (D:3)
  An ooze (D:3)
  A worm (D:3)
  A dart slug (D:3)
  6 orcs
  A goblin (D:3)
  A frilled lizard (D:3)
  A kobold (D:3)
38 creatures vanquished.

Grand Total: 290 creatures vanquished

Notes
Turn   | Place    | Note
-------+----------+-------------------------------------------
     0 | D:1      | LevaFresel the Kobold Hunter began the quest for the Orb.
     0 | D:1      | Reached XP level 1. HP: 12/12 MP: 1/1
   145 | D:1      | Reached XP level 2. HP: 17/17 MP: 2/2
   168 | D:1      | Reached skill level 5 in Crossbows
   365 | D:1      | Found a sparkling altar of Nemelex Xobeh.
   369 | D:1      | Became a worshipper of Nemelex Xobeh the Trickster
   418 | D:1      | Received a gift from Nemelex Xobeh
   529 | D:1      | Reached skill level 1 in Short Blades
   529 | D:1      | Reached XP level 3. HP: 22/22 MP: 3/3
  1157 | D:2      | Reached XP level 4. HP: 27/27 MP: 4/4
  2186 | D:3      | Noticed Natasha
  2191 | D:3      | Killed Natasha
  2191 | D:3      | Reached skill level 1 in Armour
  2191 | D:3      | Reached XP level 5. HP: 26/32 MP: 5/5
  2223 | D:3      | Reached skill level 1 in Invocations
  2292 | D:3      | Reached * piety under Nemelex Xobeh
  2299 | D:3      | Found a runed door.
  2303 | D:3      | Noticed Crazy Yiuf
  2306 | D:3      | Killed Crazy Yiuf
  2519 | D:3      | Noticed Robin
  2536 | D:3      | Reached skill level 6 in Crossbows
  2622 | D:3      | Killed Robin
  2630 | D:3      | Reached XP level 6. HP: 24/36 MP: 5/7
  2723 | D:3      | Noticed LevaFresel's ghost (amateur KoHu)
  3018 | D:3      | Killed LevaFresel's ghost
  3095 | D:3      | Received a gift from Nemelex Xobeh
  3253 | D:3      | Noticed Natasha
  3259 | D:3      | Killed Natasha
  3287 | D:3      | Noticed Natasha
  3366 | D:3      | Killed Natasha
  3453 | D:3      | Found an ancient bone altar of Kikubaaqudgha.
  3459 | D:3      | Reached XP level 7. HP: 39/41 MP: 8/8
  3475 | D:3      | Reached skill level 1 in Evocations
  3721 | D:5      | Entered Level 5 of the Dungeon
  3988 | D:4      | Reached skill level 7 in Crossbows
  4087 | D:4      | Found a white marble altar of Elyvilon.
  4138 | D:4      | Noticed Menkaure
  4145 | D:4      | Killed Menkaure
  4183 | D:4      | Reached XP level 8. HP: 46/48 MP: 9/9
  4235 | D:5      | Received a gift from Nemelex Xobeh
  4339 | D:4      | Found a snail-covered altar of Cheibriados.
  4607 | D:4      | Reached ** piety under Nemelex Xobeh
  5255 | D:5      | Found a sparkling altar of Nemelex Xobeh.
  5394 | D:5      | Found Deakorur's Weapon Shop.
  5888 | D:5      | Found an opulent altar of Gozag.
  6124 | D:5      | Found a staircase to the Ecumenical Temple.
  6133 | Temple   | Entered the Ecumenical Temple
  6520 | D:6      | Found a bloodstained altar of Trog.
  6563 | D:6      | Found Azxiufad's Gadget Boutique.
  6563 | D:6      | Found Mefrialu's Weapon Boutique.
  6571 | D:6      | Found Saptoc's Jewellery Boutique.
  6590 | D:6      | Reached skill level 5 in Dodging
  6731 | D:6      | Found Ruilout's Book Boutique.
  6776 | D:6      | Found Negutagy's Antique Weapon Shop.
  6811 | D:6      | Noticed Grinder
  6860 | D:6      | Paralysed by Grinder for 7 turns
  6880 | D:6      | Paralysed by Grinder for 2 turns
  6885 | D:6      | Killed Grinder
  6885 | D:6      | Reached skill level 8 in Crossbows
  6885 | D:6      | Reached XP level 9. HP: 45/52 MP: 11/11
  7059 | D:6      | Found an ornate altar of the Wu Jian Council.
  7315 | D:7      | Reached skill level 5 in Short Blades
  7605 | D:7      | Found a sacrificial altar of Ru.
  7720 | D:7      | Reached skill level 5 in Fighting
  7777 | D:7      | Found Rado Paseh's Antique Weapon Shop.
  7885 | D:7      | Found Pemeoh's Antique Weapon Emporium.
  7904 | D:7      | Found a hide-covered altar of Uskayaw.
  7923 | D:8      | Received a gift from Nemelex Xobeh
  7923 | D:8      | Found the +2 pair of boots of the Assassin {Detection Stab+ Stlth++}
  8163 | D:7      | Received a gift from Nemelex Xobeh
  8171 | D:7      | Reached skill level 9 in Crossbows
  8351 | D:8      | Reached *** piety under Nemelex Xobeh
  8502 | D:8      | Found a shimmering altar of Xom.
  8832 | D:8      | Noticed a two-headed ogre
  8891 | D:8      | Killed a two-headed ogre
  8891 | D:8      | Reached XP level 10. HP: 9/59 MP: 13/13
  9253 | D:10     | Entered Level 10 of the Dungeon
  9306 | D:9      | Noticed Erica
  9324 | D:9      | Noticed a two-headed ogre
  9327 | D:9      | Killed a two-headed ogre
  9327 | D:9      | Reached skill level 5 in Invocations
  9327 | D:9      | Reached skill level 5 in Evocations
  9358 | D:9      | Killed Erica
  9358 | D:9      | Reached skill level 10 in Crossbows
  9487 | D:9      | Received a gift from Nemelex Xobeh
 10090 | D:9      | Received a gift from Nemelex Xobeh
 10103 | D:9      | Found a basalt altar of Yredelemnul.
 10105 | D:9      | Found a hazy altar of Hepliaklqana.
 10106 | D:9      | Found a stormy altar of Qazlal.
 10187 | D:9      | Reached **** piety under Nemelex Xobeh
 10689 | D:10     | Received a gift from Nemelex Xobeh
 11042 | D:10     | Found a staircase to the Orcish Mines.
 12060 | Orc:1    | Entered Level 1 of the Orcish Mines
 12342 | D:10     | Reached XP level 11. HP: 47/66 MP: 14/14
 12572 | D:11     | Received a gift from Nemelex Xobeh
 12643 | D:11     | Reached skill level 11 in Crossbows
 13282 | D:11     | Reached skill level 5 in Armour
 13366 | D:11     | Noticed a wizard
 13391 | D:11     | Noticed a wizard
 13410 | D:11     | Killed a wizard
 13423 | D:11     | Noticed Maurice
 13434 | D:11     | Killed a wizard
 13750 | D:11     | Noticed a centaur warrior
 13764 | D:11     | Killed a centaur warrior
 14458 | D:11     | Received a gift from Nemelex Xobeh
 14468 | D:11     | Reached skill level 12 in Crossbows
 14518 | D:11     | Killed Maurice
 14712 | D:11     | Noticed a wizard
 14725 | D:11     | Killed a wizard
 15022 | D:11     | Noticed a cyclops
 15055 | D:11     | Killed an unseen horror
 15055 | D:11     | Reached XP level 12. HP: 50/73 MP: 15/15
 15448 | D:11     | Reached ***** piety under Nemelex Xobeh
 15697 | D:12     | Slain by a large slime creature

Skill      XL: |  1  2  3  4  5  6  7  8  9 10 11 12 |
---------------+-------------------------------------+-----
Crossbows      | 5 6 7 8 9 10 12 | 12.7
Short Blades   | 1 2 3 4 5 7 8 9 |  9.1
Stealth        | 2 |  2.0
Dodging        | 3 4 5 6 7 8 9 |  9.0
Armour         | 1 2 3 4 5 |  5.9
Invocations    | 1 2 3 4 5 |  5.1
Fighting       | 3 4 5 6 7 8 |  8.2
Evocations     | 1 3 4 5 |  5.0

Action                   |  1- 3 |  4- 6 |  7- 9 | 10-12 || total
-------------------------+-------+-------+-------+-------++-------
Melee: Short sword       |    35 |   107 |    81 |   113 ||   336
 Fire: Hand crossbow     |    35 |    99 |   278 |   405 ||   817
Throw: Throwing net      |       |       |     3 |     1 ||     4
Evoke: Deck              |       |     1 |     5 |    11 ||    17
       Wand              |       |       |     3 |    16 ||    19
  Use: Scroll            |       |     3 |     7 |     3 ||    13
       Potion            |       |       |       |     2 ||     2
 Stab: Sleeping          |       |     1 |     1 |       ||     2
       Paralysed         |       |       |       |     1 ||     1
  Eat: Chunk             |     9 |     7 |    12 |    18 ||    46
Armor: Leather armour    |     9 |    24 |       |       ||    33
       Ring mail         |       |    13 |    48 |   138 ||   199
Dodge: Dodged            |    46 |    98 |   153 |   263 ||   560
